 Dungeon Crawl Stone Soup version 0.29-a0-337-g68df138881 (webtiles) character file.

Game seed: 3037436537300161141

2671 Dauddaud the Cleaver (level 9, -1/111 HPs)
             Began as a Minotaur Berserker on Apr 15, 2022.
             Was a Priest of Trog.
             Slain by a hornet (10 damage)
             ... on level 8 of the Dungeon on Apr 16, 2022.
             The game lasted 00:15:30 (8774 turns).

Dauddaud the Cleaver (Minotaur Berserker)           Turns: 8774, Time: 00:15:31

Health: -1/111     AC: 14    Str: 26    XL:     9   Next: 37%
Magic:  8/8        EV:  7    Int:  4    God:    Trog [***...]
Gold:   573        SH:  6    Dex: 10    Spells: 8/8 levels left

rFire   . . .      SeeInvis .   D - +2 hand axe (venom)
rCold   . . .      Faith    .   y - +2 buckler
rNeg    . . .      Spirit   .   E - +0 plate armour
rPois   .          Reflect  .   (helmet restricted)
rElec   .          Harm     .   v - +0 cloak
rCorr   .          Rampage  .   (no gloves)
Will    .....                   i - +0 pair of boots
Stlth   ..........              (no amulet)
HPRegen 0.28/turn               (no ring)
MPRegen 0.11/turn               (no ring)

@: berserking, slowed
A: horns 2, retaliatory headbutt
a: Renounce Religion, Berserk, Trog's Hand


You were on level 8 of the Dungeon.
You worshipped Trog.
Trog was most pleased with you.
You visited 1 branch of the dungeon, and saw 8 of its levels.

You collected 573 gold pieces.

Inventory:

Hand Weapons
 a - a +0 hand axe
 D - a +2 hand axe of venom (weapon)
Missiles
 l - 5 atropa-tipped darts (quivered)
 o - 12 poisoned darts
Armour
 i - a +0 pair of boots (worn)
 k - a +0 ring mail
 m - a +0 scale mail
 p - +0 fire dragon scales
 v - a +0 cloak (worn)
 y - a +2 buckler (worn)
 E - a +0 plate armour (worn)
Jewellery
 d - a ring of ice
Wands
 u - a wand of digging (8)
 A - a wand of acid (12)
Scrolls
 g - 2 scrolls of amnesia
 h - a scroll of identify
 n - a scroll of fear {unknown}
 q - 5 scrolls of teleportation
 x - 3 scrolls of enchant armour {unknown}
 z - 2 scrolls of vulnerability
 B - a scroll of acquirement
 C - 2 scrolls of magic mapping
 F - a scroll of fog {unknown}
Potions
 b - 3 potions of flight {unknown}
 c - a potion of attraction {unknown}
 e - a potion of resistance {unknown}
 f - 2 potions of mutation {unknown}
 j - 3 potions of curing {unknown}
 r - 3 potions of lignification {unknown}
 s - 4 potions of might {unknown}
 t - 2 potions of degeneration {unknown}
 w - 2 potions of heal wounds {unknown}
 G - a potion of haste {unknown}
 H - a potion of brilliance {unknown}


   Skills:
 * Level 5.0 Fighting
 - Level 14.0 Axes
 * Level 4.2 Armour
 + Level 3.0 Dodging
 * Level 3.1 Shields
 + Level 1.4 Evocations


You had 8 spell levels left.
You didn't know any spells.
Your spell library was empty.

Dungeon Overview and Level Annotations

Branches:
Dungeon (8/15)             Temple (0/1) D:7
   Lair: D:8-11

Altars:

Shops:
D:2 (   D:4 (


Innate Abilities, Weirdness & Mutations

You have a pair of horns on your head.
You reflexively headbutt those who attack you in melee.


Message History

The orc warrior is almost dead.
You kill the orc warrior!
Trog accepts your kill.
Your Fighting skill increases to level 5!
Your Dodging skill increases to level 3!
Your Shields skill increases to level 3!
You start resting.
A hornet comes into view.
A hornet is nearby!
The hornet buzzes angrily.
There is a stone staircase leading down here.
There is a stone staircase leading down here.
The hornet stings you.
You feel yourself slow down.
You barely miss the hornet. The hornet stings you.
You feel as though you will be slow longer.
The hornet stings you!
You feel as though you will be slow longer.
You hit the hornet.
The hornet is poisoned.
The hornet is lightly wounded.
The hornet stings you.
You suddenly lose the ability to move!
The hornet stings you.
You feel as though you will be slow longer.
The hornet stings you!
* * * LOW HITPOINT WARNING * * *
You feel as though you will be slow longer.
You can move again.
A red film seems to cover your vision as you go berserk!
You feel yourself moving faster!
You feel mighty! The hornet stings you.
* * * LOW HITPOINT WARNING * * *
You feel as though you will be slow longer.
The hornet stings you but does no damage.
You slash the hornet!
The hornet looks as sick as possible!
The hornet is heavily wounded.
The hornet stings you!
* * * LOW HITPOINT WARNING * * *
You feel as though you will be slow longer.
You barely miss the hornet. Your headbutt misses the hornet.
The hornet is heavily wounded.
The hornet stings you!
You die...

###...#..........
.........=........
..................
#................ .
#........))......
..#......))........
...................
...........y.......
...?...?.#.@.......
........##.>.......
........#..........
..##..#.##...............
≈≈≈≈..#####.............#
...≈.....................
≈≈≈≈.....>.##...........#
...........#............#
........#..#............#


You could see a hornet (extremely poisoned).

Vanquished Creatures
  Pikel (D:4)
  A wraith (D:6)
  Edmund (D:4)
  A water moccasin (D:7)
  2 ice beasts
  2 orc warriors (D:8)
  A sky beast (D:4)
  3 black bears
  2 ogres
  A centaur (D:8)
  3 lemures (D:4)
  A gnoll sergeant (D:4)
  2 scorpions (D:6)
  2 hounds
  4 orc priests
  A jelly (D:6)
  Crazy Yiuf (D:3)
  4 iguanas
  2 orc wizards
  Natasha (twice) (D:3)
  6 adders
  7 gnolls
  A white imp (D:7)
  A worm (D:4)
  4 dart slugs
  20 orcs
  7 ball pythons
  4 endoplasms
  10 giant cockroaches
  4 goblins
  12 hobgoblins
  4 jackals (D:5)
  4 kobolds
  5 quokkas
  5 bats
  5 frilled lizards (D:1)
  2 rats
138 creatures vanquished.

Vanquished Creatures (others)
  3 toadstools (D:7)
3 creatures vanquished.

Grand Total: 141 creatures vanquished

Notes
Turn   | Place    | Note
-------+----------+-------------------------------------------
     0 | D:1      | Dauddaud the Minotaur Berserker began the quest for the
                  | Orb.
     0 | D:1      | Reached XP level 1. HP: 19/19 MP: 0/0
    43 | D:1      | Reached skill level 4 in Axes
    55 | D:1      | Reached XP level 2. HP: 10/26 MP: 1/1
   455 | D:1      | You fall into a shaft and drop 1 floor!
   597 | D:1      | Reached skill level 5 in Axes
   601 | D:1      | Reached XP level 3. HP: 22/31 MP: 2/2
   726 | D:1      | Reached ** piety under Trog
  1254 | D:2      | Found Vodonn's Weapon Shop.
  1313 | D:2      | Reached skill level 6 in Axes
  1313 | D:2      | Reached XP level 4. HP: 21/39 MP: 3/3
  2491 | D:3      | Noticed Natasha
  2497 | D:3      | Killed Natasha
  2809 | D:3      | Reached skill level 7 in Axes
  2809 | D:3      | Reached XP level 5. HP: 41/45 MP: 4/4
  3207 | D:3      | Found a runed translucent door.
  3208 | D:3      | Noticed Crazy Yiuf
  3214 | D:3      | Killed Crazy Yiuf
  3413 | D:3      | Noticed Natasha
  3418 | D:3      | Killed Natasha
  3984 | D:4      | Found Quhij's Antique Weapon Boutique.
  4001 | D:4      | Noticed a lemure
  4001 | D:4      | Noticed a lemure
  4001 | D:4      | Noticed a lemure
  4002 | D:4      | Noticed a sky beast
  4003 | D:4      | Noticed Pikel
  4003 | D:4      | Noticed a lemure
  4006 | D:4      | Killed a lemure
  4015 | D:4      | Killed a lemure
  4019 | D:4      | Killed Pikel
  4019 | D:4      | Killed a sky beast
  4019 | D:4      | Killed a lemure
  4020 | D:4      | Reached skill level 10 in Axes
  4020 | D:4      | Reached XP level 6. HP: 40/51 MP: 5/5
  4020 | D:4      | Reached XP level 7. HP: 45/57 MP: 6/6
  4186 | D:4      | Reached skill level 11 in Axes
  4937 | D:4      | Reached *** piety under Trog
  4956 | D:4      | Noticed Edmund
  4964 | D:4      | Killed Edmund
  4965 | D:4      | Reached XP level 8. HP: 60/64 MP: 7/7
  5098 | D:5      | Entered Level 5 of the Dungeon
  5425 | D:5      | Reached skill level 12 in Axes
  6156 | D:6      | Identified a scroll of acquirement
  6235 | D:6      | Reached skill level 13 in Axes
  7060 | D:7      | Found a staircase to the Ecumenical Temple.
  7115 | D:7      | Reached skill level 14 in Axes
  7175 | D:7      | Reached skill level 1 in Shields
  7233 | D:7      | Reached XP level 9. HP: 65/71 MP: 8/8
  8168 | D:7      | Reached skill level 1 in Evocations
  8732 | D:8      | Reached skill level 5 in Fighting
  8770 | D:8      | Paralysed by a hornet for 2 turns
  8774 | D:8      | Slain by a hornet

Illustrated notes

Levels and vault maps discovered:
D:1:      heliophobic_arrival_dark_side_of_the_moon, layout_rooms
D:2:      minmay_general_purpose_star, layout_basic, serial_shops,
          nicolae_lakefront_shop
D:3:      layout_basic, uniq_crazy_yiuf_cottage, uniq_natasha
D:4:      layout_layer_cave, serial_shops, nicolae_shop_waterfront, uniq_pikel,
          uniq_edmund
D:5:      layout_cave_pools, serial_bayou_pond_c, grunt_decor_junction,
          hangedman_decor_clover_reticule
D:6:      layout_cave_pods
D:7:      layout_layer_cave, minmay_temple_entry_purple_smoke,
          minmay_gold_behind_fungi, serial_park_tiny_1
D:8:      minmay_gate_of_8, layout_cave_pools, nicolae_tso_besieged_by_evil,
          serial_rivers, chequers_serial_rivers_large_a,
          chequers_serial_rivers_large_b, chequers_serial_rivers_micro_d,
          chequers_serial_rivers_micro_a, chequers_serial_rivers_micro_d,
          minivault_24

Skill      XL: |  1  2  3  4  5  6  7  8  9 |
---------------+----------------------------+-----
Axes           | 4 5 6 7 10 11 14 | 14.0
Shields        | 1 3 |  3.1
Fighting       | 4 5 |  5.0
Armour         | 3 4 |  4.2
Evocations     | 1 |  1.4
Dodging        | 3 |  3.0

Action                   |  1- 3 |  4- 6 |  7- 9 || total
-------------------------+-------+-------+-------++-------
Melee: Hand axe          |    72 |   103 |   198 ||   373
       Headbutt          |    11 |    19 |    37 ||    67
       Punch             |     1 |     1 |       ||     2
Invok: Berserk           |       |     1 |     2 ||     3
  Use: Scroll            |       |       |     5 ||     5
Armor: Animal skin       |     5 |       |       ||     5
       Ring mail         |     5 |     7 |       ||    12
       Fire dragon scale |       |    25 |    17 ||    42
       Scale mail        |       |     4 |       ||     4
       Plate armour      |       |       |    61 ||    61
Dodge: Dodged            |    43 |    57 |    68 ||   168
Block: Buckler           |       |       |    27 ||    27

Table legend: (Time is in decaauts)
 A = Elapsed time spent in this place.
 B = Non-inter-level travel time spent in this place.
 C = Inter-level travel time spent in this place.
 D = Time resting spent in this place.
 E = Time spent auto-exploring this place.
 F = Levels seen in this place.
 G = Mean time per level.
                   A        B        C        D        E       F      G
               +--------+--------+--------+--------+--------+-----+--------+
         Total |   8749 |   8535 |    214 |   1574 |   6074 |   8 | 1093.6 |
       Dungeon |   8749 |   8535 |    214 |   1574 |   6074 |   8 | 1093.6 |
               +--------+--------+--------+--------+--------+-----+--------+

Top non-repeatable levels by time:
     D:4: 1573 daAuts
     D:7: 1518 daAuts
     D:2: 1439 daAuts
     D:6: 1152 daAuts
     D:3: 1065 daAuts
     D:1: 1028 daAuts
     D:5: 795 daAuts
     D:8: 177 daAuts
